 Dungeon Crawl Stone Soup version 0.28.0-49-g6dfe1f597d (webtiles) character file.

Game seed: 7869718875362613982

8 Exodus22XD the Shield-Bearer (level 2, 24/24 HPs)
             Began as a Deep Dwarf Fighter on May 14, 2022.
             Was a Follower of Hepliaklqana.
             Quit the game on level 1 of the Dungeon.
             The game lasted 00:00:22 (113 turns).

Exodus22XD the Shield-Bearer (Deep Dwarf Fighter)    Turns: 113, Time: 00:00:22

Health: 24/24      AC:  6    Str: 19    XL:     2   Next: 0%
Magic:  2/2        EV:  9    Int:  8    God:    Hepliaklqana [*.....]
Gold:   18         SH:  4    Dex: 12    Spells: 1/1 levels left

rFire   . . .      SeeInvis .   a - +0 war axe
rCold   . . .      Faith    .   c - +0 buckler
rNeg    . . .      Spirit   .   b - +0 scale mail
rPois   .          Reflect  .   (no helmet)
rElec   .          Harm     .   (no cloak)
rCorr   .          Rampage  .   (no gloves)
Will    .....                   (no boots)
Stlth   ..........              (no amulet)
HPRegen 0.00/turn               (no ring)
MPRegen 0.08/turn               (no ring)

@: no status effects
A: reduced essence, damage resistance, heal wounds, sense surroundings 1, no
regeneration
a: Heal Wounds, Renounce Religion, Recall Ancestor, Ancestor Identity


You were on level 1 of the Dungeon.
You worshipped Hepliaklqana.
Hepliaklqana was aware of your devotion.
You visited 1 branch of the dungeon, and saw 1 of its levels.

You collected 18 gold pieces.

Inventory:

Hand Weapons
 a - a +0 war axe (weapon)
Armour
 b - a +0 scale mail (worn)
 c - a +0 buckler (worn)
Potions
 d - a potion of might


   Skills:
 + Level 2.8 Fighting
 + Level 2.2 Axes
 + Level 3.5 Armour
 + Level 3.5 Shields


You had one spell level left.
You didn't know any spells.
Your spell library was empty.

Dungeon Overview and Level Annotations

Branches:
Dungeon (1/15)

Altars:
Hepliaklqana


Innate Abilities, Weirdness & Mutations

Your life essence is reduced to manifest your ancestor. (-10% HP)
You are resistant to damage.
You can heal yourself by infusing magical energy.
You passively map a small area around you.
You do not regenerate.


Message History

You hit the withered plant but do no damage.
The withered plant is lightly damaged.
You hit the withered plant. You slash the plant!
The withered plant crumbles away. x2
A nearby plant withers and dies.
You hit the plant.
The plant begins to die.
The plant is lightly damaged.
You hit the withered plant.
The withered plant begins to crumble.
You slash the withered plant!
The withered plant begins to crumble.
You slash the plant!
The plant is lightly damaged.
You hit the withered plant.
You hit the withered plant but do no damage.
The withered plant crumbles away.
You slash the plant!
The plant is lightly damaged.
You slash the withered plant!
The withered plant crumbles away.
You slash the plant!
The plant is lightly damaged.
A nearby plant withers and dies.
You hit the plant.
The plant begins to die.
The plant is lightly damaged.
You hit the plant but do no damage.
The plant is lightly damaged.
You slash the plant!
The plant is lightly damaged.
A nearby plant withers and dies.
Found an embroidered scarf.
There is a faded altar of an unknown god here.
You cannot tell which god this altar belongs to.
Convert to them anyway? [Y]es or [N]o only, please.
You cannot tell which god this altar belongs to.
Convert to them anyway?
Hepliaklqana accepts your prayer! Hepliaklqana welcomes you!
Hepliaklqana forms a fragment of your life essence into the memory of your ancestor, Laslo!
You can now recall your ancestor.
You can now remember your ancestor's identity.
Are you sure you want to abandon this character and quit the game? (Confirm with "yes".)
Okay, then.
Are you sure you want to abandon this character and quit the game? (Confirm with "yes".)

, , , ###+### , ,
,#.P..[#, ,, * , ,
#P....#* * , #..P..#
* * , *PP.P. , *R..
* , , ,,, #.#* * , ,
* #@# , ##.## ,
##...## *...........
#P...P###...........
#P...P#.............
#P....#.............
#P)..P#....... .....
###'###....... ....
#.#.....##+### ###


You could see the friendly Laslo the ancestor.

Vanquished Creatures
  2 dart slugs (D:1)
  A hobgoblin (D:1)
  A frilled lizard (D:1)
  A kobold (D:1)
5 creatures vanquished.

Vanquished Creatures (others)
  6 plants (D:1)
  7 withered plants (D:1)
13 creatures vanquished.

Grand Total: 18 creatures vanquished

Notes
Turn   | Place    | Note
-------+----------+-------------------------------------------
     0 | D:1      | Exodus22XD the Deep Dwarf Fighter began the quest for the
                  | Orb.
     0 | D:1      | Reached XP level 1. HP: 20/20 MP: 1/1
    12 | D:1      | Noticed a minotaur skeleton
    81 | D:1      | Found a faded altar of an unknown god.
    90 | D:1      | Reached XP level 2. HP: 27/27 MP: 2/2
   112 | D:1      | Prayed at the altar of an unknown god.
   112 | D:1      | Became a worshipper of Hepliaklqana the Forgotten
   112 | D:1      | Reached * piety under Hepliaklqana
   113 | D:1      | Quit the game

Illustrated notes

Levels and vault maps discovered:
D:1:      shiori_arrival_whats_in_store_for_you, layout_basic,
          shapermc_ecumenical_altar_flowoftime, dk_noncrumbling_3

Action                   || total
-------------------------++-------
Melee: War axe           ||    27
Armor: Scale mail        ||     2
Dodge: Dodged            ||     4
Block: Buckler           ||     2
